 Dungeon Crawl Stone Soup version 0.21.1-1-g345015f (webtiles) character file.

56 wilfster70 the Cutter (level 4, -6/29 HPs)
             Began as a Halfling Warper on June 11, 2018.
             Killed by divine providence
             ... invoked by an orc priest
              (12 damage)
             ... on level 2 of the Dungeon.
             The game lasted 00:06:59 (2250 turns).

wilfster70 the Cutter (Halfling Warper)             Turns: 2250, Time: 00:07:00

Health: -6/29      AC:  4    Str: 13    XL:     4   Next: 17%
Magic:  6/6        EV: 14    Int: 11    God:
Gold:   86         SH:  0    Dex: 13    Spells: 2/6 levels left

rFire    . . .     SeeInvis .   a - +0 short sword
rCold    . . .     Gourm    .   (shield restricted)
rNeg     . . .     Faith    .   b - +0 leather armour
rPois    .         Spirit   .   (no helmet)
rElec    .         Reflect  .   j - +0 cloak
rCorr    .         Harm     .   (no gloves)
MR       .....                  (no boots)
Stlth    +.........             (no amulet)
HPRegen  0.09/turn              (no ring)
MPRegen  0.10/turn              (no ring)

@: no status effects
A: small, mutation resistance 1
a: no special abilities


You were on level 2 of the Dungeon.
You were very hungry.

You visited 1 branch of the dungeon, and saw 2 of its levels.

You collected 86 gold pieces.

Inventory:

Hand Weapons
 a - a +0 short sword (weapon)
Missiles
 e - 5 tomahawks of dispersal (quivered)
 h - 20 stones
 o - 45 sling bullets
 p - 21 poisoned needles
Armour
 b - a +0 leather armour (worn)
 j - a +0 cloak (worn)
Scrolls
 d - a scroll of blinking
 i - 2 scrolls of amnesia {unknown}
Potions
 g - a potion of haste
 l - a potion of might
 m - a potion of brilliance {unknown}
 n - a potion of agility {unknown}
 q - a potion of curing {unknown}
Books
 c - a book of Spatial Translocations

   Spells                             Type                      Level
   a - Blink                          Translocation                2
   b - Shroud of Golubria             Charms/Translocation         2
   c - Lesser Beckoning               Translocation                3
   d - Gell's Gravitas                Translocation                3
   e - Teleport Other                 Translocation                3
   f - Passage of Golubria            Translocation                4
Comestibles
 f - 2 rations
 k - 2 chunks of flesh


   Skills:
 - Level 1.7 Fighting
 + Level 3.8 Short Blades
 - Level 1.0 Throwing
 - Level 1.1 Armour
 - Level 2.5 Dodging
 - Level 1.5 Spellcasting
 + Level 2.0 Charms
 - Level 3.4 Translocations


You had 2 spell levels left.
You knew the following spells:

 Your Spells              Type           Power        Failure   Level  Hunger
a - Blink                 Tloc           N/A          14%         2    ###....
b - Shroud of Golubria    Chrm/Tloc      #.........   19%         2    ###....


Dungeon Overview and Level Annotations

Branches:
Dungeon (2/15)

Altars:


Innate Abilities, Weirdness & Mutations

You are small and have problems with some larger weapons.
You are somewhat resistant to further mutation.


Message History

You hit the orc priest.
The orc priest is severely wounded.
The orc priest barely misses you.
The orc shouts!
You hit the orc priest.
The orc priest is almost dead.
You hear a shout!
The orc priest calls upon Beogh to heal the orc priest.
The orc priest mumbles some strange prayers to Beogh against you.
Beogh smites you!
Ouch! That really hurt!
* * * LOW HITPOINT WARNING * * *
You hit the orc priest but do no damage.
The orc priest is almost dead.
You barely miss the orc priest.
The orc priest is almost dead.
The orc priest looks encouraged for a moment.
The orc priest mumbles some strange prayers to Beogh against you.
Beogh smites you!
You die...

...# ..
##.....#.8...8.#. #.#
.######......#.......#.
.#
.......................
.#
#######......###......#
##.....# #......
###.#.#.# #..o..#
#$..#.#.# ##oo.##
#.###.#.# ##o## #@# .#
#{# #o# #.# #{# #r#


#oo #.# ... #.# #.o# #.### ...# #..r. #.## ##### You could see 2 orc priests and
2 orcs.

Vanquished Creatures
  An adder (D:1)
  A worm (D:2)
  A dart slug (D:2)
  A leopard gecko (D:2)
  An orc (D:1)
  2 giant cockroaches (D:1)
  6 hobgoblins (D:1)
  4 jackals (D:1)
  2 ball pythons
  6 bats (D:1)
  A frilled lizard (D:1)
  2 goblins (D:1)
  7 kobolds (D:1)
  5 rats
40 creatures vanquished.

Vanquished Creatures (others)
  A ball python (D:2)
1 creature vanquished.

Grand Total: 41 creatures vanquished

Notes
Turn   | Place    | Note
-------+----------+-------------------------------------------
     0 | D:1      | wilfster70 the Halfling Warper began the quest for the Orb.
     0 | D:1      | Reached XP level 1. HP: 14/14 MP: 3/3
   367 | D:1      | Reached XP level 2. HP: 18/19 MP: 4/4
   371 | D:1      | Learned a level 2 spell: Blink
   374 | D:1      | Learned a level 2 spell: Shroud of Golubria
   839 | D:1      | Reached skill level 1 in Charms
   839 | D:1      | Reached XP level 3. HP: 17/24 MP: 5/5
  1937 | D:1      | Reached XP level 4. HP: 16/29 MP: 6/6
  2250 | D:2      | Killed from afar by an orc priest

Skill      XL: |  1  2  3  4 |
---------------+-------------+-----
Short Blades   | 3 |  3.8
Charms         | 1 2 |  2.0
Fighting       | |  1.7
Throwing       | |  1.0
Armour         | |  1.1
Dodging        | |  2.5
Spellcasting   | |  1.5
Translocations | |  3.4

Action                   |  1- 3 |  4- 6 || total
-------------------------+-------+-------++-------
Melee: Short sword       |   166 |    29 ||   195
  Use: Potion            |     2 |       ||     2
  Eat: Chunk             |     3 |       ||     3
Armor: Leather armour    |    39 |     2 ||    41
Dodge: Dodged            |   171 |    12 ||   183
